 Dungeon Crawl Stone Soup version 0.18.1-48-g4cf74bf (webtiles) character file.

14668 Elystan the Spear-Bearer (level 12, -26/92 HPs)
             Began as a Formicid Fighter on Sept 7, 2016.
             Was an Elder of Kikubaaqudgha.
             Killed from afar by a frost giant (46 damage)
             ... with a bolt of cold
             ... in an ice cave.
             The game lasted 00:45:17 (12969 turns).

Elystan the Spear-Bearer (Formicid Fighter)        Turns: 12969, Time: 00:45:18

Health: -26/92     AC: 11    Str: 25    XL:     12   Next: 48%
Magic:  16/21      EV: 12    Int:  9    God:    Kikubaaqudgha [****..]
Gold:   265        SH: 12    Dex: 10    Spells: 4 memorised, 13 levels left

rFire  . . .     SeeInvis +     Q - +3 glaive (pain)
rCold  . . .     Gourm    .     D - +1 scale mail of Isezix {rN+ rCorr Str+2 Dex-2} (curse)
rNeg   + + .     Faith    .     c - +0 shield
rPois  .         Spirit   .     (helmet unavailable)
rElec  .         Dismiss  .     (no cloak)
rCorr  +         Reflect  .     a - +1 pair of gloves
SustAt .         Harm     .     (no boots)
MR     ++++.     Clarity  +     h - amulet of the Four Winds {rN+ MR+++ Clar}
Stlth  ..........               x - ring of resist corrosion
                                P - ring of teleportation (curse)

@: very slightly contaminated, incredibly resistant to hostile enchantments,
extremely unstealthy
A: permanent stasis, dig shafts and tunnels, four strong arms, antennae 3,
hooves 1, blurry vision 1, slow regeneration 1
a: Dig, Shaft Self, Receive Corpses, Renounce Religion


You were in an ice cave.
You worshipped Kikubaaqudgha.
Kikubaaqudgha was greatly pleased with you.
You were not hungry.

You visited 2 branches of the dungeon, and saw 11 of its levels.
You also visited: Ice Cave.

You collected 623 gold pieces.
You spent 358 gold pieces at shops.

Inventory:

Hand Weapons
 Q - a +3 glaive of pain (weapon)
Missiles
 l - 2 tomahawks of dispersal
 p - 3 javelins (quivered)
Armour
 a - a +1 pair of gloves (worn)
 c - a +0 shield (worn)
 o - the +2 robe of Ixzeves {Stlth+, unknown}
   (You took it off an orc on level 7 of the Dungeon)

   It makes you more stealthy.
 y - the +4 chain mail "Emmic" {Regen+, unknown}
   (You found it on level 9 of the Dungeon)

   It increases your rate of regeneration.
 D - the cursed +1 scale mail of Isezix (worn) {rN+ rCorr Str+2 Dex-2}
   (You found it on level 5 of the Dungeon)

   It affects your strength (+2).
   It affects your dexterity (-2).
   It protects you from negative energy.
   It protects you from acid and corrosion.
   It has a curse placed upon it.
 N - a +0 scale mail of fire resistance
Jewellery
 h - the amulet of the Four Winds (around neck) {rN+ MR+++ Clar}
   (You bought it in a shop on level 9 of the Dungeon)

   [amulet of nothing]

   It protects you from negative energy.
   It affects your resistance to hostile enchantments.
   It protects you against confusion.
 q - an uncursed ring of stealth
 x - a ring of resist corrosion (right hand)
 P - a cursed ring of teleportation (left hand)
Wands
 B - a wand of random effects (20/48)
 F - a wand of digging (15/24)
Scrolls
 i - 2 scrolls of magic mapping
 j - 4 scrolls of recharging
 n - a scroll of immolation
 s - 4 scrolls of enchant armour
 C - 4 scrolls of remove curse {unknown}
 K - a scroll of fear {unknown}
 L - a scroll of summoning {unknown}
Potions
 d - a potion of resistance {unknown}
 e - 2 potions of might
 k - 2 potions of curing
 m - 2 potions of heal wounds {unknown}
 r - a potion of cancellation {unknown}
 u - a potion of beneficial mutation {unknown}
 w - 3 potions of flight {unknown}
 A - a potion of cure mutation {unknown}
 G - 2 potions of invisibility {unknown}
 I - 2 potions of agility {unknown}
 J - 2 potions of magic {unknown}
 O - a potion of degeneration {unknown}
Books
 b - Kikubaaqudgha's Compendium of Necromancy
   (Kikubaaqudgha gifted it to you on level 7 of the Dungeon)

   Spells                             Type                      Level
   a - Animate Skeleton               Necromancy                   1
   b - Corpse Rot                     Necromancy                   2
   c - Sublimation of Blood           Necromancy                   2
   d - Vampiric Draining              Necromancy                   3
   e - Control Undead                 Necromancy                   4
 t - a book of Envenomations

   Spells                             Type                      Level
   a - Spider Form                    Transmutation/Poison         3
   b - Olgreb's Toxic Radiance        Poison                       4
   c - Alistair's Intoxication        Transmutation/Poison         5
   d - Poisonous Cloud                Conjuration/Poison/Air       6
 M - Kikubaaqudgha's Incunabulum of Stolen Souls
   (Kikubaaqudgha gifted it to you on level 10 of the Dungeon)

   Spells                             Type                      Level
   a - Animate Dead                   Necromancy                   4
   b - Excruciating Wounds            Charms/Necromancy            5
   c - Dispel Undead                  Necromancy                   5
   d - Simulacrum                     Ice/Necromancy               6
   e - Death Channel                  Necromancy                   6
 R - a book of Summonings

   Spells                             Type                      Level
   a - Recall                         Summoning/Translocation      3
   b - Aura of Abjuration             Summoning                    5
   c - Summon Demon                   Summoning                    5
   d - Summon Forest                  Summoning/Translocation      5
   e - Summon Mana Viper              Hexes/Summoning              5
   f - Shadow Creatures               Summoning                    6
Comestibles
 f - 9 bread rations
 g - 6 meat rations
 v - 11 chunks of flesh
 H - 9 beef jerkies


   Skills:
 + Level 7.9 Fighting
 * Level 11.3 Polearms
 + Level 0.2 Throwing
 + Level 7.2 Armour
 + Level 5.2 Dodging
 + Level 2.1 Stealth
 + Level 9.2 Shields
 * Level 6.2 Spellcasting
 * Level 6.6 Necromancy
 + Level 0.9 Evocations


You had 13 spell levels left.
You knew the following spells:

 Your Spells              Type           Power        Failure   Level  Hunger
a - Animate Skeleton      Necr           N/A          3%          1    None
d - Animate Dead          Necr           N/A          34%         4    ####...
r - Corpse Rot            Necr           N/A          6%          2    ##.....
v - Vampiric Draining     Necr           ##........   12%         3    ###....


Dungeon Overview and Level Annotations

Branches:
Dungeon (10/15)            Temple (0/1) D:7            Lair (1/8) D:10
    Orc (0/2) D:9

Altars:
Cheibriados
Dithmenos
Elyvilon
Fedhas
Gozag
Kikubaaqudgha
Makhleb
Pakellas
Qazlal
Trog
Vehumet
Xom
Yredelemnul
The Shining One

Shops:
D:8 %*   D:9 (=

Portals:
Trove: D:10 (give 3 potions of cure mutation)

Annotations:
IceCv exclusion: ice statue


Innate Abilities, Weirdness & Mutations

You are under a permanent stasis effect.
You can dig through walls and to a lower floor.
Your four strong arms can wield two-handed weapons with a shield.
You have a pair of large antennae on your head (SInv).
You have large cloven feet.
Scrolls take you a little longer to read.
You regenerate slowly when monsters are visible.


Message History

You hit the frost giant but do no damage.
The frost giant writhes in agony.
The frost giant is moderately wounded.
The frost giant points at you and mumbles some strange words.
The bolt of cold hits your polar bear skeleton.
Your polar bear skeleton resists.
The bolt of cold hits you!
* * * LOW HITPOINT WARNING * * *
Your polar bear skeleton bites the frost giant.
Your polar bear skeleton claws the frost giant but does no damage. x2
The frost giant hits your polar bear skeleton with a battleaxe of freezing!!
Your polar bear skeleton is destroyed!
The frost giant hits your polar bear skeleton with a battleaxe of freezing.
Your polar bear skeleton completely misses the frost giant.
Your polar bear skeleton claws the frost giant but does no damage. x2
The frost giant points at you and mumbles some strange words.
The bolt of cold hits you!
Ouch! That really hurt!
You die...
Kikubaaqudgha rasps: "You have failed me!
Welcome... death!"

##### ######## #.YY####
####......##
#...#YCZ.####.....#{ZZ.####
.h.{.
###ยง..#....#######....#
.{{. ###.@..### ####.. ...{
###### ### .. # # { ## #.
#...


You could see a frost giant, 3 yaks and a friendly polar bear skeleton.

Vanquished Creatures
  Gastronok (D:9)
  A hill giant (D:10)
  A komodo dragon (D:10)
  A troll (D:10)
  13 polar bears (IceCv)
  5 blink frogs
  8 yaks (IceCv)
  3 hippogriffs
  A hungry ghost (D:10)
  A basilisk (D:10)
  A swamp worm (D:10)
  2 water moccasins
  4 orc warriors
  A sky beast (D:8)
  A black bear (D:6)
  3 ice beasts
  2 phantoms
  An eye of draining (D:8)
  A necrophage (D:6)
  6 wolves (IceCv)
  3 ogres
  4 centaurs
  3 big kobolds (D:5)
  3 crocodiles
  A gnoll sergeant (D:7)
  4 giant frogs
  A scorpion (D:10)
  5 killer bees (D:10)
  12 wights (D:10)
  3 vampire bats (D:5)
  6 howler monkeys
  2 jellies
  2 giant frog zombies
  4 hounds
  4 crimson imps
  2 centaur zombies
  A gnoll shaman (D:8)
  6 orc priests
  A centaur skeleton (D:7)
  11 orc wizards
  A giant frog skeleton (D:8)
  Jessica (D:3)
  Terence (D:3)
  6 iguanas
  8 worker ants
  6 sheep (Lair:1)
  A killer bee zombie (D:8)
  2 hound zombies
  2 worker ant zombies
  17 gnolls
  13 adders
  A howler monkey skeleton (D:6)
  4 shadow imps
  12 white imps (Lair:1)
  2 oozes (D:1)
  An adder skeleton (D:7)
  2 worms
  3 dart slugs
  4 giant geckos
  61 orcs
  A ball python (D:6)
  6 bats
  A bat skeleton (D:5)
  5 bat zombies (D:5)
  6 giant cockroaches
  2 gnoll zombies (D:2)
  2 goblins
  8 hobgoblins
  16 jackals
  6 quokkas
  A giant gecko skeleton (D:4)
  2 giant newts
  51 kobolds
  15 rats
405 creatures vanquished.

Vanquished Creatures (collateral kills)
  A polar bear (IceCv)
  A yak (IceCv)
  A wolf (IceCv)
  A scorpion (D:7)
  A worker ant (D:7)
  An adder (D:7)
6 creatures vanquished.

Vanquished Creatures (others)
  A hippogriff (D:6)
1 creature vanquished.

Grand Total: 412 creatures vanquished

Notes
Turn   | Place    | Note
--------------------------------------------------------------
     0 | D:1      | Elystan the Formicid Fighter began the quest for the Orb.
     0 | D:1      | Reached XP level 1. HP: 18/18 MP: 1/1
   198 | D:1      | Reached XP level 2. HP: 24/24 MP: 2/2
   374 | D:1      | Reached XP level 3. HP: 30/30 MP: 3/3
   797 | D:2      | Found a shimmering altar of Xom.
   797 | D:2      | Found a stormy altar of Qazlal.
   811 | D:2      | Reached XP level 4. HP: 37/37 MP: 4/4
  1101 | D:2      | Found a basalt altar of Yredelemnul.
  1687 | D:2      | Found an opulent altar of Gozag.
  1724 | D:2      | Reached XP level 5. HP: 33/42 MP: 5/5
  1879 | D:3      | Reached skill level 1 in Dodging
  1957 | D:3      | Found an oddly glowing altar of Pakellas.
  1957 | D:3      | Found a burning altar of Makhleb.
  1958 | D:3      | Found a glowing golden altar of the Shining One.
  2002 | D:3      | Found a radiant altar of Vehumet.
  2015 | D:3      | Noticed Terence
  2049 | D:3      | Killed Terence
  2049 | D:3      | Reached skill level 3 in Polearms
  2049 | D:3      | Reached XP level 6. HP: 45/48 MP: 6/6
  2182 | D:3      | Found a white marble altar of Elyvilon.
  2206 | D:3      | Noticed Jessica
  2210 | D:3      | Killed Jessica
  2862 | D:3      | Reached skill level 5 in Shields
  3423 | D:4      | Reached XP level 7. HP: 43/55 MP: 7/7
  3616 | D:4      | Reached skill level 4 in Polearms
  3690 | D:4      | Found a snail-covered altar of Cheibriados.
  3839 | D:5      | Entered Level 5 of the Dungeon
  3909 | D:5      | Noticed a hippogriff
  3920 | D:5      | Killed a hippogriff
  3920 | D:5      | Reached skill level 5 in Armour
  4320 | D:4      | Reached skill level 5 in Polearms
  4613 | D:4      | Reached XP level 8. HP: 57/61 MP: 8/8
  4775 | D:5      | Got a spiked scale mail
  4955 | D:4      | Reached skill level 5 in Fighting
  5051 | D:4      | Identified the cursed +1 scale mail of Isezix {rN+ rCorr Str+2 Dex-2} (You found it on level 5 of the Dungeon)
  5299 | D:5      | Reached skill level 6 in Polearms
  5698 | D:5      | Reached XP level 9. HP: 66/68 MP: 9/9
  5956 | D:5      | Found an ancient bone altar of Kikubaaqudgha.
  5976 | D:5      | Became a worshipper of Kikubaaqudgha
  6113 | D:5      | Found a shadowy altar of Dithmenos.
  6179 | D:5      | Found a snail-covered altar of Cheibriados.
  6308 | D:5      | Reached skill level 7 in Polearms
  6425 | D:6      | Found an opulent altar of Gozag.
  6511 | D:6      | Reached skill level 1 in Necromancy
  6548 | D:6      | Reached skill level 1 in Spellcasting
  6701 | D:6      | Reached skill level 1 in Stealth
  7155 | D:6      | Found an oddly glowing altar of Pakellas.
  7155 | D:6      | Noticed an orange crystal statue
  7161 | D:6      | Noticed a troll
  7377 | D:7      | Reached * piety under Kikubaaqudgha
  7377 | D:7      | Received a gift from Kikubaaqudgha
  7378 | D:7      | Identified Kikubaaqudgha's Compendium of Necromancy (Kikubaaqudgha gifted it to you on level 7 of the Dungeon)
  7381 | D:7      | Learned a level 1 spell: Animate Skeleton
  7527 | D:7      | Reached skill level 8 in Polearms
  7668 | D:7      | Reached XP level 10. HP: 67/76 MP: 13/13
  7741 | D:7      | Got a fine robe
  7755 | D:7      | Found a staircase to the Ecumenical Temple.
  8395 | D:8      | Gained mutation: You have large cloven feet. [mutagenic meat]
  8396 | D:8      | Gained mutation: Scrolls take you a little longer to read. [mutagenic meat]
  8397 | D:8      | Lost mutation: Scrolls take you a little longer to read. [mutagenic meat]
  8398 | D:8      | Gained mutation: Scrolls take you a little longer to read. [mutagenic meat]
  8399 | D:8      | Gained mutation: You regenerate slowly when monsters are visible. [mutagenic meat]
  8409 | D:8      | Found Biec's Demolitions Depot.
  8448 | D:8      | Reached ** piety under Kikubaaqudgha
  8521 | D:8      | Found Todit Rye's Food Shoppe.
  8811 | D:8      | Noticed a moth of wrath
  8814 | D:8      | Found a bloodstained altar of Trog.
  9002 | D:8      | Found a blossoming altar of Fedhas.
  9069 | D:9      | Found Owkumys's Jewellery Boutique.
  9073 | D:9      | Bought the amulet of the Four Winds {rN+ MR+++ Clar} for 358 gold pieces
  9154 | D:9      | Noticed Gastronok
  9165 | D:9      | Learned a level 2 spell: Corpse Rot
  9208 | D:9      | Killed Gastronok
  9208 | D:9      | Reached skill level 9 in Polearms
  9633 | D:9      | Found Sakh's Weapon Boutique.
  9637 | D:9      | Reached XP level 11. HP: 83/83 MP: 16/16
  9642 | D:9      | Found a staircase to the Orcish Mines.
  9817 | D:9      | Got an ichor-stained chain mail
 10091 | D:10     | Entered Level 10 of the Dungeon
 10356 | D:10     | Reached skill level 10 in Polearms
 11131 | D:10     | Reached skill level 5 in Necromancy
 11198 | D:10     | Found a staircase to the Lair.
 11228 | D:10     | Reached *** piety under Kikubaaqudgha
 11228 | D:10     | Received a gift from Kikubaaqudgha
 11229 | D:10     | Identified Kikubaaqudgha's Incunabulum of Stolen Souls (Kikubaaqudgha gifted it to you on level 10 of the Dungeon)
 11257 | D:10     | Noticed a hill giant
 11260 | D:10     | a hill giant changed into a swamp worm
 11306 | D:10     | Noticed a hill giant
 11315 | D:10     | Killed a hill giant
 11430 | D:10     | Found a portal to a secret trove of treasure.
 11677 | Lair:1   | Entered Level 1 of the Lair of Beasts
 11704 | Lair:1   | Reached skill level 5 in Dodging
 11905 | Lair:1   | Found a frozen archway.
 11965 | Lair:1   | Learned a level 3 spell: Vampiric Draining
 12083 | IceCv    | Entered an ice cave
 12132 | IceCv    | Reached XP level 12. HP: 69/91 MP: 10/19
 12137 | IceCv    | Reached skill level 5 in Spellcasting
 12141 | IceCv    | Reached skill level 11 in Polearms
 12157 | IceCv    | Reached **** piety under Kikubaaqudgha
 12174 | IceCv    | Learned a level 4 spell: Animate Dead
 12952 | IceCv    | Noticed a frost giant
 12969 | IceCv    | Killed from afar by a frost giant

Skill      XL: |  1  2  3  4  5  6  7  8  9 10 11 12 |
---------------+-------------------------------------+-----
Shields        | 4 5 6 7 8 9 |  9.2
Fighting       | 4 5 6 7 |  7.9
Armour         | 4 5 6 7 |  7.2
Dodging        | 1 2 3 4 5 |  5.2
Polearms       | 3 5 6 8 9 10 11 | 11.3
Necromancy     | 2 4 5 6 |  6.6
Spellcasting   | 2 3 4 6 |  6.2
Stealth        | 1 2 |  2.1
Throwing       | |  0.2
Evocations     | |  0.9

Action                   |  1- 3 |  4- 6 |  7- 9 | 10-12 || total
-------------------------+-------+-------+-------+-------++-------
Melee: Trident           |    16 |       |       |       ||    16
       Spear             |    69 |   119 |       |       ||   188
       Halberd           |       |   158 |   565 |   146 ||   869
       Glaive            |       |       |       |   502 ||   502
       Kick              |       |       |       |   105 ||   105
Throw: Javelin           |       |       |     2 |       ||     2
 Cast: Animate Skeleton  |       |       |     4 |     3 ||     7
       Corpse Rot        |       |       |       |     4 ||     4
       Vampiric Draining |       |       |       |    18 ||    18
       Animate Dead      |       |       |       |     4 ||     4
Invok: Receive Corpses   |       |       |       |     1 ||     1
 Abil: Dig               |       |     1 |     3 |     6 ||    10
Evoke: Wand              |       |       |     1 |     4 ||     5
  Use: Scroll            |       |       |       |    12 ||    12
       Potion            |       |       |       |     3 ||     3
 Stab: Distracted        |       |     1 |       |     1 ||     2
       Sleeping          |       |       |     1 |       ||     1
       Paralysed         |       |       |       |     4 ||     4
  Eat: Chunk             |       |     9 |    15 |    23 ||    47
       Pizza             |       |       |       |     4 ||     4
Armor: Scale mail        |    18 |    81 |   153 |   169 ||   421
       Chain mail        |       |     1 |    81 |       ||    82
Dodge: Dodged            |    17 |    73 |   220 |   238 ||   548
Block: Shield            |    26 |   124 |   375 |   351 ||   876
